Map: Blackpink LE

Players

Optimus - Winner!

  • Race: Terran Terran
  • Spawn Location: 1:00

kauP

  • Race: Terran Terran
  • Spawn Location: 7:00

Event: WCS Leipzig 2018

VOD

Have the link to the VOD?

Description

Time

  • Played on: Jan. 26, 2018, 12:05 p.m.
  • Length: 20:56

All games in this series

Show
View Real Time Build Order
Export as new Build Order

Optimus Terran - Winner!

Build Orders: Liberator Opening 

Get SALT Encoding   

  12  0:00  SCV  
  13  0:12  SCV  
  14  0:17  Supply Depot  
  14  0:24  SCV  
  15  0:28  Refinery  
  15  0:39  SCV  
  16  0:45  Barracks  
  16  0:51  SCV  
  17  1:03  SCV  
  18  1:15  SCV  
  19  1:31  Orbital Command  
  19  1:32  Reaper  
  20  1:47  Supply Depot  
  20  1:49  Factory  
  20  1:53  Bunker  
  20  1:54  Bunker  
  20  1:57  SCV  
  21  2:03  Marine  
  21  2:10  SCV  
  21  2:21  Marine  
  23  2:22  SCV  
  23  2:32  Hellion  
  23  2:33  Starport  
  23  2:35  SCV  
  26  2:40  Marine  
  26  2:42  Refinery  
  27  2:46  Supply Depot  
  27  2:47  SCV  
  28  2:54  Factory Tech Lab  
  28  2:56  Factory Reactor  
  28  2:59  SCV  
  28  3:00  Marine  
  30  3:10  Liberator  
  31  3:18  Command Center  
  30  3:30  SCV  
  34  3:40  Hellion x2  
  38  3:48  Supply Depot  
  37  3:51  SCV  
  38  4:03  SCV  
  38  4:09  Cyclone x2  
  46  4:22  Viking  
  47  4:24  Supply Depot  
  47  4:30  SCV  
  47  4:31  Orbital Command  
  48  4:42  SCV, Refinery  
  48  4:43  Refinery  
  49  4:48  Cyclone  
  52  4:59  SCV  
  51  5:03  Cyclone  
  51  5:04  SCV  
  53  5:10  Supply Depot  
  53  5:14  SCV  
  57  5:21  Cyclone  
  57  5:31  SCV  
  57  5:33  Command Center  
  58  5:36  Orbital Command  
  58  5:42  Refinery  
  55  5:43  SCV  
  55  5:48  Refinery  
  49  5:59  Cyclone  
  49  6:02  SCV x2  
  50  6:07  Cyclone  
  53  6:14  SCV  
  54  6:18  SCV  
  55  6:26  SCV  
  55  6:28  Supply Depot  
  55  6:30  SCV  
  57  6:33  Cyclone  
  57  6:38  SCV  
  59  6:47  Barracks Reactor  
  57  6:49  Factory  
  58  6:58  SCV  
  58  6:59  Cyclone  
  59  7:03  Orbital Command  
  59  7:09  SCV  
  59  7:10  SCV  
  61  7:18  Cyclone  
  61  7:21  SCV  
  65  7:23  SCV  
  65  7:29  SCV  
  67  7:33  SCV  
  67  7:34  Cyclone  
  71  7:39  Viking  
  71  7:42  SCV  
  74  7:45  SCV  
  74  7:46  SCV  
  75  7:54  SCV  
  69  8:00  Cyclone  
  69  8:01  Cyclone  
  75  8:07  Cyclone  
  76  8:14  Orbital Command  
  76  8:15  SCV  
  76  8:17  Armory x2  
  77  8:21  SCV  
  78  8:27  SCV  
  78  8:33  SCV  
  80  8:39  SCV  
  80  8:41  SCV  
  78  8:43  Cyclone x2  
  78  8:45  SCV  
  85  8:52  SCV  
  85  8:54  SCV  
  87  8:57  SCV  
  87  9:00  Barracks Tech Lab  
  88  9:03  Factory  
  88  9:04  SCV  
  88  9:05  Terran Vehicle Weapons Level 1  
  88  9:06  Terran Vehicle And Ship Armor Level 1  
  89  9:13  SCV x2  
  89  9:16  SCV  
  92  9:21  Cyclone x2  
  92  9:24  Cyclone  
  101  9:27  Supply Depot  
  101  9:30  Supply Depot  
  101  9:38  Refinery  
  101  9:39  Supply Depot  
  101  9:48  Barracks Tech Lab  
  101  9:49  SCV x3  
  101  9:50  Factory  
  101  9:51  Factory  
  104  9:56  Siege Tank  
  107  10:01  SCV x3  
  107  10:02  Hellion x2  
  114  10:09  Refinery  
  114  10:13  SCV x2, Supply Depot  
  116  10:15  SCV  
  116  10:17  Barracks Tech Lab  
  116  10:19  Starport Reactor  
  117  10:25  SCV  
  101  10:29  SCV, Cyclone x2  
  101  10:31  SCV  
  109  10:37  SCV, Cyclone  
  114  10:46  Supply Depot  
  103  10:50  SCV x2  
  103  10:52  Siege Tank  
  103  10:53  SCV  
  109  11:02  SCV x2  
  111  11:05  Terran Vehicle Weapons Level 2  
  111  11:07  Terran Vehicle And Ship Armor Level 2  
  111  11:09  SCV  
  112  11:16  SCV x2  
  114  11:21  SCV  
  114  11:24  Viking x2  
  113  11:29  Siege Tank  
  113  11:30  SCV x2  
  118  11:33  SCV  
  118  11:39  Siege Tank x2  
  125  11:42  SCV  
  125  11:44  Supply Depot  
  126  11:50  Hellion x3  
  126  11:51  Hellion  
  126  11:53  SCV x2  
  129  12:01  Siege Tank  
  129  12:03  SCV  
  129  12:08  SCV  
  127  12:11  Siege Tank  
  125  12:16  SCV  
  125  12:18  Hellion x2  
  130  12:22  SCV  
  130  12:23  SCV  
  130  12:27  Infernal Pre-Igniter  
  131  12:34  Viking  
  131  12:36  Viking  
  135  12:40  Supply Depot  
  135  12:47  Siege Tank  
  135  12:50  Siege Tank  
  141  12:52  SCV x2  
  143  13:03  Siege Tank  
  143  13:05  SCV  
  145  13:10  Viking x2  
  141  13:19  Siege Tank  
  136  13:28  Command Center  
  136  13:31  Starport  
  136  13:36  Hellion x2  
  136  13:37  Hellion  
  136  13:40  SCV x3  
  145  13:46  Viking  
  145  13:47  Viking  
  149  13:52  SCV x2  
  133  13:59  Siege Tank x2  
  118  14:04  Hellion x2  
  108  14:17  Viking x3  
  108  14:21  SCV x2  
  116  14:32  Terran Vehicle Weapons Level 3  
  116  14:34  Terran Vehicle And Ship Armor Level 3  
  116  14:40  Hellion  
  116  14:44  Orbital Command  
  116  14:45  SCV  
  119  14:46  SCV  
  119  14:50  SCV  
  119  14:51  Liberator  
  121  14:55  Siege Tank  
  121  14:57  SCV  
  123  15:00  Viking  
  123  15:02  Viking  
  123  15:03  SCV  
  123  15:04  SCV  
  129  15:10  SCV  
  133  15:17  Siege Tank  
  133  15:18  Hellion  
  136  15:23  Hellion x2  
  123  15:30  Viking  
  123  15:31  Hellion, SCV x2  
  123  15:33  SCV  
  128  15:42  Hellion, Siege Tank x2  
  131  15:45  SCV x2  
  121  15:54  Hellion x2  
  122  16:01  Refinery  
  122  16:02  Refinery, Viking  
  125  16:05  Viking  
  125  16:07  Viking  
  131  16:27  Hellion  
  131  16:32  Viking  
  132  16:33  Thor x2  
  132  16:35  Viking  
  132  16:38  Viking  
  142  16:45  Command Center  
  142  16:50  Hellion x2  
  142  16:51  Hellion  
  148  17:01  Thor  
  148  17:03  Starport  
  148  17:05  Viking  
  156  17:09  Hellion  
  156  17:12  Hellion  
  160  17:16  Siege Tank  
  163  17:23  Viking x2  
  167  17:35  Viking  
  167  17:36  Hellion  
  167  17:37  Hellion  
  169  17:39  Hellion  
  164  17:45  Viking  
  158  17:52  Hellion x3  
  158  17:53  Viking x2  
  160  18:01  Terran Ship Weapons Level 1  
  160  18:04  Thor  
  166  18:06  Liberator  
  166  18:07  Viking  
  166  18:10  Hellion  
  167  18:15  Viking  
  167  18:19  Supply Depot x2, Siege Tank  
  167  18:31  Siege Tank  
  167  18:32  Hellion  
  167  18:33  Hellion  
  176  18:34  Hellion  
  176  18:43  Starport  
  176  18:45  Orbital Command, Starport Tech Lab  
  176  18:46  Refinery  
  176  18:48  Siege Tank  
  179  18:51  Viking  
  179  18:53  Starport Tech Lab  
  181  18:57  Thor  
  181  19:00  Hellion  
  181  19:01  Hellion  
  191  19:06  Siege Tank  
  185  19:25  Raven x2  
  185  19:27  Viking  
  185  19:32  Viking  
  185  19:34  Hellion x2  
  185  19:35  Hellion  
  185  19:38  Siege Tank  
  188  19:41  Hellion x2  
  187  19:46  Refinery  
  187  19:47  Command Center  
  187  19:49  Viking, Liberator  
  186  19:54  Hellion  
  186  19:56  Hellion  
  186  19:57  Viking  
  186  19:59  Hellion  
  194  20:02  Siege Tank  
  198  20:20  Hellion  
  200  20:24  Viking  
  200  20:25  Viking x2  
Show
View Real Time Build Order
Export as new Build Order

kauP Terran 

Build Orders:  

Get SALT Encoding   

  12  0:00  SCV  
  13  0:12  SCV  
  14  0:18  Supply Depot  
  14  0:26  Refinery  
  14  0:41  Barracks  
  14  0:57  Barracks  
  14  1:04  SCV  
  15  1:16  SCV  
  16  1:20  Refinery  
  16  1:28  Reaper  
  17  1:39  Orbital Command  
  17  1:45  Reaper  
  18  2:10  Reaper  
  18  2:14  Factory  
  19  2:17  Reaper  
  19  2:22  SCV  
  21  2:33  Supply Depot  
  21  2:36  SCV  
  22  2:48  SCV  
  23  2:58  Factory Reactor  
  23  3:00  SCV  
  23  3:04  Starport  
  24  3:12  SCV  
  25  3:20  Supply Depot  
  25  3:24  SCV  
  26  3:36  SCV  
  27  3:42  Cyclone  
  27  3:43  Medivac, Cyclone  
  35  3:52  SCV  
  35  3:55  Supply Depot  
  36  4:04  SCV  
  37  4:20  Command Center  
  39  4:26  Cyclone  
  39  4:27  SCV  
  41  4:34  Cyclone  
  44  4:40  SCV  
  45  4:57  SCV  
  46  5:09  Cyclone  
  46  5:11  Refinery x2  
  45  5:23  SCV  
  46  5:32  Cyclone  
  46  5:33  Orbital Command  
  46  5:35  SCV  
  48  5:45  Liberator, Cyclone  
  44  5:53  SCV  
  41  6:04  SCV, Cyclone  
  46  6:05  SCV  
  48  6:16  SCV  
  48  6:17  SCV  
  50  6:28  SCV  
  50  6:29  SCV  
  50  6:32  Command Center  
  52  6:33  Cyclone  
  52  6:37  Liberator  
  55  6:40  SCV  
  55  6:41  SCV  
  54  6:53  SCV x2  
  54  7:05  SCV x2  
  56  7:09  Hellion x2  
  60  7:17  SCV  
  60  7:18  SCV  
  62  7:27  Barracks  
  62  7:35  Armory  
  62  7:36  Armory  
  62  7:37  Supply Depot  
  62  7:42  Starport Reactor  
  62  7:43  Supply Depot  
  64  7:44  SCV x2  
  64  7:51  SCV  
  64  7:56  SCV  
  63  8:00  SCV  
  65  8:12  Cyclone x2  
  70  8:14  Orbital Command  
  70  8:25  Factory  
  70  8:31  Factory  
  70  8:32  SCV  
  71  8:43  Liberator  
  71  8:44  Cyclone x2  
  74  8:55  SCV  
  74  8:56  SCV  
  79  9:10  Terran Vehicle And Ship Armor Level 1  
  79  9:14  SCV  
  79  9:15  SCV  
  79  9:16  Cyclone  
  84  9:17  Hellion x2  
  84  9:18  Terran Vehicle Weapons Level 1  
  84  9:19  SCV  
  85  9:30  SCV  
  85  9:31  SCV  
  87  9:32  Supply Depot  
  87  9:35  Factory Tech Lab  
  87  9:36  Hellion, Factory Tech Lab, Liberator  
  89  9:44  SCV x2  
  92  10:01  SCV x2  
  92  10:05  Siege Tank x2  
  100  10:07  Supply Depot  
  100  10:09  Supply Depot  
  100  10:14  SCV  
  101  10:21  SCV  
  101  10:22  Hellion x2  
  101  10:27  Refinery  
  94  10:29  Refinery  
  87  10:37  Siege Tank x2  
  88  10:43  SCV x2  
  86  11:00  Viking x2  
  86  11:01  Hellion x2  
  86  11:04  SCV x2  
  96  11:09  Orbital Command  
  96  11:25  Siege Tank x2  
  99  11:26  Hellion x2  
  99  11:29  SCV  
  99  11:30  SCV  
  105  11:37  Viking  
  105  11:39  SCV  
  108  11:42  SCV  
  109  11:47  Viking  
  109  11:51  Refinery  
  109  12:08  Siege Tank  
  109  12:09  Siege Tank  
  109  12:12  SCV x2  
  109  12:14  Refinery, Starport  
  117  12:17  SCV, Engineering Bay  
  117  12:19  Terran Vehicle Weapons Level 2  
  118  12:24  SCV  
  117  12:33  Hellion x2, Viking  
  119  12:37  SCV x2  
  119  12:38  SCV  
  122  12:46  Supply Depot  
  122  12:48  Terran Vehicle And Ship Armor Level 2  
  122  12:49  Supply Depot  
  122  12:50  Viking  
  124  13:08  Siege Tank x2  
  124  13:10  Viking  
  124  13:11  Hellion x2, Viking  
  133  13:25  Liberator  
  133  13:26  SCV x3  
  134  13:27  Command Center  
  134  13:33  Supply Depot  
  134  13:34  Starport  
  134  13:35  Supply Depot  
  134  13:38  SCV, Starport  
  138  13:53  Supply Depot  
  138  13:54  Supply Depot  
  135  14:02  Liberator x2  
  117  14:06  Viking x2  
  117  14:07  Hellion x3  
  116  14:11  SCV x2  
  118  14:24  Liberator  
  118  14:40  Viking x2  
  118  14:45  Liberator x2  
  125  14:55  Siege Tank  
  125  14:56  Hellion, Siege Tank  
  128  15:04  Refinery  
  128  15:05  Refinery  
  134  15:08  Sensor Tower  
  129  15:27  Viking x2  
  129  15:28  Viking  
  97  15:45  Viking  
  97  15:51  Command Center  
  97  15:54  Viking  
  94  15:57  Viking  
  94  15:58  Siege Tank x2  
  102  16:11  Viking x2  
  103  16:26  SCV x3  
  99  16:35  Viking x2  
  99  16:36  Viking  
  103  16:42  SCV  
  104  16:47  Missile Turret  
  104  16:59  SCV x3  
  104  17:00  Viking  
  104  17:01  Viking  
  111  17:07  Viking  
  113  17:13  Sensor Tower  
  113  17:17  Viking  
  98  17:39  Viking  
  98  17:40  Viking  
  98  17:55  Liberator  
  93  17:58  SCV  
  93  17:59  SCV  
  93  18:02  Orbital Command  
  98  18:19  SCV x2  
  97  18:37  Siege Tank x2  
  96  18:46  SCV x2  
  98  18:57  Liberator  
  98  18:58  SCV x2  
  98  19:02  SCV x2  
  102  19:10  SCV  
  101  19:18  SCV x3  
  101  19:22  SCV  
  98  19:30  SCV  
  97  19:38  Siege Tank x2  
  100  19:53  Viking x2  
  100  19:54  Viking  
  106  20:01  Viking  
  108  20:09  SCV x2  
Tags
 
Add a new tag
Caveats
  • Supply blocks, unpowered buildings, or Contaminate may cause inaccurate times.
  • Supply counts are checked every 10 seconds.